Map: Dusk Towers

Players

TuA - Winner!

  • Race: Zerg Zerg
  • League: Platinum

A.I. 1 (Very Easy)

  • Race: Zerg Zerg

VOD

Have the link to the VOD?

Description

Time

  • Played on: Dec. 10, 2015, 8:23 p.m.
  • Length: 10:16
Show
View Real Time Build Order
Export as new Build Order

TuA Zerg - Winner!

Build Orders: Hatch First 

Get SALT Encoding   

  12  0:01  Drone  
  13  0:12  Overlord  
  13  0:17  Drone  
  14  0:30  Drone x2  
  14  0:35  Drone  
  17  0:53  Hatchery  
  17  0:54  Drone  
  17  0:58  Drone  
  17  1:02  Extractor  
  17  1:14  Spawning Pool  
  17  1:17  Drone  
  17  1:25  Drone  
  18  1:31  Drone  
  19  1:39  Overlord  
  19  2:01  Queen  
  19  2:02  Zergling x2  
  19  2:03  Zergling x2  
  19  2:04  Queen  
  19  2:06  Metabolic Boost  
  25  2:10  Drone  
  25  2:13  Drone  
  27  2:17  Drone  
  28  2:23  Drone  
  29  2:33  Drone x2  
  31  2:37  Queen  
  31  2:41  Overlord  
  33  2:50  Drone x2  
  35  2:56  Hatchery  
  34  3:03  Drone x2  
  36  3:10  Drone x3  
  36  3:11  Drone x2  
  41  3:14  Drone x2  
  41  3:19  Drone  
  44  3:20  Overlord  
  44  3:23  Extractor  
  43  3:30  Drone  
  43  3:31  Overlord  
  44  3:39  Drone x2  
  46  3:47  Drone  
  46  3:48  Drone x5  
  52  3:53  Roach Warren  
  50  4:00  Extractor  
  50  4:02  Drone, Extractor  
  49  4:04  Drone  
  49  4:05  Lair  
  50  4:10  Evolution Chamber, Drone x2  
  50  4:11  Evolution Chamber, Drone  
  51  4:24  Drone  
  52  4:26  Drone x6  
  58  4:32  Drone x2  
  58  4:33  Drone  
  58  4:35  Zerg Melee Weapons Level 1  
  58  4:36  Zerg Ground Armor Level 1  
  61  4:41  Drone x2  
  63  4:47  Drone  
  63  4:51  Extractor  
  63  4:52  Extractor  
  62  4:57  Drone x2  
  62  4:58  Overlord x4  
  64  5:05  Infestation Pit  
  63  5:17  Drone x2  
  63  5:20  Drone x5  
  63  5:21  Drone  
  71  5:27  Drone x4  
  75  5:34  Glial Reconstitution  
  75  5:37  Roach x6  
  87  5:46  Hive  
  87  5:48  Infestor  
  87  5:49  Infestor  
  91  5:53  Hatchery  
  91  6:11  Ravager x5  
  91  6:12  Ravager  
  91  6:18  Drone x2  
  98  6:19  Overlord x3  
  98  6:20  Overlord x4  
  98  6:31  Overlord  
  98  6:33  Zerg Ground Armor Level 2, Zerg Melee Weapons Level 2  
  98  6:37  Queen  
  100  6:45  Extractor  
  100  6:46  Drone x5  
  100  6:47  Drone x8  
  112  6:49  Extractor  
  111  6:58  Ultralisk Cavern  
  110  7:01  Adrenal Glands  
  110  7:08  Drone x6  
  116  7:18  Zergling x2  
  116  7:19  Zergling x18  
  126  7:25  Drone x3  
  129  7:30  Overlord x3  
  129  7:34  Overlord  
  129  7:45  Ultralisk  
  129  7:46  Ultralisk x4  
  129  7:48  Zergling x6  
  162  8:01  Chitinous Plating  
  162  8:04  Ultralisk  
  168  8:07  Zergling x14  
  168  8:09  Zergling x12  
  181  8:24  Ultralisk x2  
  193  8:31  Ultralisk, Zergling x2  
  200  8:37  Hatchery  
  199  9:03  Spire  
  199  9:08  Zergling x4  
  199  9:09  Zergling x2, Extractor  
  199  9:12  Extractor  
  198  9:38  Zergling x4  
Show
View Real Time Build Order
Export as new Build Order

A.I. 1 (Very Easy) Zerg 

Build Orders: Pool First 

Get SALT Encoding   

  12  0:00  Drone  
  13  0:12  Overlord  
  13  0:17  Drone  
  14  0:35  Spawning Pool  
  13  0:37  Extractor  
  13  0:39  Drone  
  13  0:47  Drone  
  14  0:52  Overlord  
  14  1:22  Queen, Zergling x2  
  17  1:30  Roach Warren  
  16  1:34  Drone  
  16  1:39  Extractor, Zergling x2  
  17  1:43  Drone  
  18  1:55  Drone  
  18  1:56  Zergling x2  
  20  2:06  Drone  
  21  2:17  Drone  
  22  2:27  Drone  
  22  2:29  Overlord  
  23  2:34  Drone  
  24  2:42  Drone  
  25  5:38  Roach  
  25  5:39  Lair, Drone, Overlord  
  28  5:46  Drone  
  29  5:53  Hatchery, Drone  
  29  6:00  Drone  
  30  6:08  Drone  
  28  6:15  Drone  
  29  6:19  Roach  
  29  6:22  Drone  
  32  6:36  Overseer x2  
  32  7:00  Roach  
  34  7:06  Drone  
  35  7:11  Extractor  
  35  7:13  Drone  
  35  7:17  Extractor  
  35  7:20  Drone  
  35  7:27  Drone  
  36  7:34  Drone  
  37  7:41  Drone  
  38  7:49  Drone  
  39  7:56  Drone  
  40  8:03  Drone  
  41  8:10  Drone  
  42  8:17  Drone  
  43  8:25  Drone  
  44  8:32  Drone  
  44  8:33  Overlord  
  45  8:39  Drone  
  46  8:46  Drone  
  47  8:53  Drone  
  49  9:10  Zergling x2  
  40  9:39  Drone  
  26  9:49  Spawning Pool  
  22  9:53  Drone  
  23  10:01  Drone  
Tags
 
Add a new tag
Caveats
  • Supply blocks, unpowered buildings, or Contaminate may cause inaccurate times.
  • Supply counts are checked every 10 seconds.